 Dungeon Crawl Stone Soup version 0.19-a0-1007-g133f65f (webtiles) character file.

12349 HAL9000 the Grappler (level 11, -2/92 HPs)
             Began as a White Draconian Transmuter on July 19, 2016.
             Was an Elder of Makhleb.
             Killed from afar by Harold (20 damage)
             ... with a wand of acid
             ... on level 11 of the Dungeon.
             The game lasted 00:34:03 (9914 turns).

HAL9000 the Grappler (White Draconian Transmuter)   Turns: 9914, Time: 00:34:04

Health: -2/92      AC: 12    Str: 21    XL:     11   Next: 61%
Magic:  2/14       EV: 18    Int: 13    God:    Makhleb [****..]
Gold:   425        SH:  0    Dex: 13    Spells: 4 memorised, 3 levels left

rFire  . . .     SeeInvis .       - Unarmed
rCold  + . .     Gourm    .     (armour unavailable)
rNeg   . . .     Faith    .     (shield currently unavailable)
rPois  .         Spirit   .     (helmet restricted)
rElec  .         Dismiss  .     P - +2 cloak {MR+}
rCorr  .         Reflect  .     (gloves currently unavailable)
SustAt .         Harm     .     N - +1 pair of boots
MR     +....                    m - amulet of regeneration
Stlth  +.........               s - +3 ring of evasion
                                d - +6 ring of strength

@: blade hands (expiring), somewhat resistant to hostile enchantments, very
unstealthy
A: breathe frost, unfitting armour, cold resistance 1, cold-blooded, AC +7
a: Breathe Frost, End Transformation, Minor Destruction, Lesser Servant of
Makhleb, Major Destruction, Renounce Religion


You were on level 11 of the Dungeon.
You worshipped Makhleb.
Makhleb was greatly pleased with you.
You were hungry.
You had blades for hands.
You visited 2 branches of the dungeon, and saw 12 of its levels.
You also visited: Sewer.

You collected 704 gold pieces.
You spent 279 gold pieces at shops.

Inventory:

Missiles
 a - 69 arrows
Armour
 B - a +1 cloak of invisibility
 H - a +2 cloak of poison resistance
 N - a +1 pair of boots (worn)
 P - a +2 cloak of magic resistance (worn)
 R - a +2 pair of gloves of dexterity (melded)
Magical Staves
 I - an uncursed staff of cold
Jewellery
 d - a +6 ring of strength (left scythe-like blade)
 m - an amulet of regeneration (around neck)
 s - a +3 ring of evasion (right scythe-like blade)
 t - an uncursed ring of teleportation
 z - the amulet "Atoilyamod" {Faith Str+2}
   (You found it on level 4 of the Dungeon)

   [amulet of faith]

   It allows you to gain divine favour quickly.
   It affects your strength (+2).
 E - an uncursed amulet of rage
 G - an uncursed ring of fire
Wands
 v - a wand of slowing (17/48)
 y - a wand of teleportation (2/9)
 Q - a wand of heal wounds (1/9)
 S - a wand of polymorph (9/24)
 T - a wand of digging (14/24)
 W - a wand of lightning (6/15)
 Y - a wand of hasting (6/9)
Scrolls
 e - 4 scrolls of identify
 f - a scroll of remove curse
 h - 4 scrolls of enchant armour
 k - 2 scrolls of teleportation
 x - 2 scrolls of fog
 J - a scroll of fear
 U - a scroll of enchant weapon
 X - a scroll of magic mapping
Potions
 w - a potion of brilliance
 D - 5 potions of heal wounds
 F - a potion of cure mutation
 K - 2 potions of agility
 L - 3 potions of curing
 M - a potion of ambrosia
 V - a potion of might
Books
 b - a book of Changes

   Spells                             Type                      Level
   a - Beastly Appendage              Transmutation                1
   b - Sticks to Snakes               Transmutation                2
   c - Spider Form                    Transmutation/Poison         3
   d - Ice Form                       Ice/Transmutation            4
   e - Blade Hands                    Transmutation                5
 A - Sif Muna's Compendium of the Gliding Compass
   (You found it on level 11 of the Dungeon)

   Spells                             Type                      Level
   a - Repel Missiles                 Charms/Air                   2
   b - Gell's Gravitas                Hexes/Translocation          3
   c - Poisonous Cloud                Conjuration/Poison/Air       6
 O - a book of Beasts

   Spells                             Type                      Level
   a - Summon Butterflies             Summoning                    1
   b - Call Canine Familiar           Summoning                    3
   c - Summon Ice Beast               Ice/Summoning                4
   d - Summon Mana Viper              Hexes/Summoning              5
   e - Summon Hydra                   Summoning                    7
 Z - a book of Unlife

   Spells                             Type                      Level
   a - Recall                         Summoning/Translocation      3
   b - Animate Dead                   Necromancy                   4
   c - Control Undead                 Necromancy                   4
   d - Cigotuvi's Embrace             Necromancy                   5
   e - Death Channel                  Necromancy                   6
   f - Simulacrum                     Ice/Necromancy               6
Comestibles
 c - 15 bread rations
 j - 4 slices of pizza
 r - 4 meat rations
 u - 11 fruits


   Skills:
 + Level 7.1 Fighting
 + Level 6.2 Dodging
 + Level 11.9 Unarmed Combat
 - Level 2.0 Spellcasting
 + Level 11.4 Transmutations


You had 3 spell levels left.
You knew the following spells:

 Your Spells              Type           Power        Failure   Level  Hunger
a - Beastly Appendage     Tmut           ####..       10%         1    ##.....
b - Sticks to Snakes      Tmut           ####....     12%         2    ###....
c - Spider Form           Tmut/Pois      ###.......   45%         3    ####...
d - Blade Hands           Tmut           ####......   45%         5    ######.


Dungeon Overview and Level Annotations

Branches:
Dungeon (11/15)            Temple (1/1) D:5            Lair (0/6) D:11
    Orc (0/2) D:10

Altars:
Ashenzari
Cheibriados
Dithmenos
Elyvilon
Fedhas
Gozag
Hepliaklqana
Kikubaaqudgha
Makhleb
Nemelex Xobeh
Okawaru
Pakellas
Qazlal
Ru
Sif Muna
Trog
Uskayaw
Vehumet
Xom
Yredelemnul
Zin
The Shining One

Shops:
D:7 *   D:9 :   D:10 (   D:11 !

Annotations:
D:11 Harold


Innate Abilities, Weirdness & Mutations

You can breathe waves of freezing cold.
You can buffet flying creatures when you breathe cold.
Your icy white scales are hard. (AC +7)
Your body does not fit into most forms of armour.
Your flesh is cold resistant. (rC+)
You are cold-blooded and may be slowed by cold attacks.


Message History

Your ball python barely misses Harold. x2
Your ball python bites Harold but does no damage.
Your ball python closely misses Harold.
Harold hits your ball python with a flail of protection!
Your ball python dies!
Unknown command.
Harold casts a spell at you. The bolt of fire hits your ball python.
Your ball python dies!
The bolt of fire hits you!
* * * LOW HITPOINT WARNING * * *
Unknown command.
As you read the scroll of fear, it crumbles to dust.
You assume a fearsome visage.
Harold easily resists.
Your transformation is almost over.
Harold zaps a wand.
The bolt of acid hits your ball python. The acid corrodes your ball python!
Your ball python dies!
The bolt of acid hits you!
You die...

#....# #. ### #....#
#. ##..###....## #.
##...........##
#.###.......##.....
#....##....####....
...###@.# ###..##
##>.. ........##
##...# #... .#
#@.####....## #...
.#
##..........###...
.# .#
#.(###..###...... .
##..# #.###..##
#..###. # .....
#...##.#####..# ##
## #......
...##.........## #
.##....... #..#
##........# #
.......... #.#
...#####.#####
.........
#.####..#.####...##.


You could see Harold.

Vanquished Creatures
  Fannar (D:10)
  Urug (D:10)
  The ghost of p0werm0de the Fighter, a novice FoAs (D:8)
  An ugly thing (D:11)
  Maurice (D:11)
  A gargoyle (D:10)
  A kobold demonologist (D:9)
  A shadow (D:11)
  Sigmund (D:3)
  A spriggan (D:9)
  10 yaks (D:11)
  A vampire (D:10)
  Grum (D:11)
  3 hippogriffs
  A basilisk (D:11)
  A wyvern (D:9)
  Edmund (D:4)
  Menkaure (D:5)
  4 porcupines (D:11)
  3 orc warriors
  2 ice beasts
  2 black bears
  Purgy (Sewer)
  2 wolves (D:11)
  7 ogres
  2 phantoms
  The ghost of Gagarin the Ruffian, an amateur DrTm (D:3)
  A centaur (D:8)
  2 crocodiles (D:11)
  2 giant frogs
  12 big kobolds (D:9)
  A wyvern zombie (D:10)
  A water moccasin zombie (D:6)
  2 scorpions
  A wyvern skeleton (D:7)
  15 killer bees
  3 howler monkeys
  8 crimson imps
  2 quasits
  A giant frog zombie (D:11)
  2 jellies
  6 hounds
  A centaur skeleton (D:5)
  4 orc priests
  Crazy Yiuf (D:4)
  An iguana (D:4)
  Ijyb (D:3)
  6 worker ants
  8 orc wizards
  A statue (D:4)
  Robin (D:3)
  3 gnolls (D:6)
  4 worker ant zombies
  2 howler monkey skeletons
  10 adders
  3 river rats
  4 shadow imps
  2 white imps (D:10)
  An adder skeleton (D:7)
  2 worms (D:2)
  2 dart slugs
  30 orcs
  5 giant cockroaches
  13 hobgoblins
  9 jackals
  4 quokkas
  5 ball pythons
  11 bats
  A giant gecko skeleton (D:4)
  4 giant newts
  14 goblins
  A jackal skeleton (D:5)
  17 kobolds
  A quokka skeleton (D:4)
  11 rats
295 creatures vanquished.

Vanquished Creatures (collateral kills)
  Grinder (D:3)
  An ogre (D:10)
  A big kobold (D:9)
  2 hounds (D:2)
  A jelly (D:7)
  A worker ant (D:3)
  An adder (D:4)
  2 gnolls
  A worm (D:4)
  A dart slug (D:2)
  An orc (D:6)
  A jackal (D:6)
  A quokka (D:3)
  A giant newt (D:2)
  2 rats
18 creatures vanquished.

Vanquished Creatures (others)
  A fungus (D:11)
  A plant (D:11)
2 creatures vanquished.

Grand Total: 315 creatures vanquished

Notes
Turn   | Place    | Note
-------+----------+-------------------------------------------
     0 | D:1      | HAL9000 the Draconian Transmuter began the quest for the Orb.
     0 | D:1      | Reached XP level 1. HP: 16/16 MP: 3/3
   109 | D:1      | Reached XP level 2. HP: 12/23 MP: 3/5
   115 | D:1      | Learned a level 2 spell: Sticks to Snakes
   727 | D:2      | Reached XP level 3. HP: 28/28 MP: 4/6
   870 | D:2      | Reached XP level 4. HP: 12/35 MP: 1/7
  1193 | D:2      | Found a shattered altar of Ashenzari.
  1363 | D:2      | Learned a level 3 spell: Spider Form
  1491 | D:3      | Noticed Gagarin's ghost (amateur DrTm)
  1549 | D:3      | Killed Gagarin's ghost
  1549 | D:3      | Reached XP level 5. HP: 23/40 MP: 0/8
  1640 | D:3      | Noticed Sigmund
  1772 | D:3      | Noticed Grinder
  1797 | D:3      | Killed Grinder
  1797 | D:3      | Reached skill level 5 in Unarmed Combat
  1797 | D:3      | Reached skill level 5 in Transmutations
  1797 | D:3      | Reached XP level 6. HP: 39/47 MP: 1/9
  1923 | D:3      | Killed Sigmund
  1923 | D:3      | Your scales start taking on an icy white colour.
  1923 | D:3      | Reached XP level 7. HP: 52/52 MP: 2/10
  1923 | D:3      | Gained mutation: Your flesh is cold resistant. (rC+) [White Draconian growth]
  1992 | D:3      | Noticed Ijyb
  2005 | D:3      | Killed Ijyb
  2275 | D:3      | Noticed Robin
  2299 | D:3      | Killed Robin
  2519 | D:4      | Got a coiled platinum amulet
  2534 | D:4      | Identified the amulet "Atoilyamod" {Faith Str+2} (You found it on level 4 of the Dungeon)
  2557 | D:4      | Found an opulent altar of Gozag.
  2839 | D:4      | Found a radiant altar of Vehumet.
  2937 | D:4      | Found a runed door.
  3006 | D:4      | Noticed Crazy Yiuf
  3014 | D:4      | Killed Crazy Yiuf
  3098 | D:4      | Noticed Edmund
  3112 | D:4      | Killed Edmund
  3453 | D:4      | Found a sacrificial altar of Ru.
  3524 | D:4      | Reached XP level 8. HP: 59/59 MP: 7/11
  3541 | D:4      | Learned a level 5 spell: Blade Hands
  3566 | D:5      | Entered Level 5 of the Dungeon
  3718 | D:5      | Found a staircase to the Ecumenical Temple.
  3727 | Temple   | Entered the Ecumenical Temple
  3915 | D:5      | Noticed Menkaure
  3929 | D:5      | Killed Menkaure
  4141 | D:5      | Found a stormy altar of Qazlal.
  4431 | D:6      | Found a basalt altar of Yredelemnul.
  4753 | D:6      | Found a glowing drain.
  4758 | Sewer    | Entered a sewer
  4813 | Sewer    | Noticed Purgy
  4823 | Sewer    | Killed Purgy
  5697 | D:7      | Reached XP level 9. HP: 36/64 MP: 3/12
  5880 | D:7      | Found a burning altar of Makhleb.
  5912 | D:7      | Became a worshipper of Makhleb the Destroyer
  5961 | D:7      | Found Hog Fyri's General Store.
  5964 | D:7      | Bought a +2 pair of gloves of dexterity for 279 gold pieces
  6090 | D:7      | Found a blossoming altar of Fedhas.
  6092 | D:7      | Found an ancient bone altar of Kikubaaqudgha.
  6416 | D:8      | Found a hide-covered altar of Uskayaw.
  6544 | D:8      | Found a glowing golden altar of the Shining One.
  6553 | D:8      | Found a deep blue altar of Sif Muna.
  6816 | D:8      | Noticed p0werm0de's ghost (novice FoAs)
  6834 | D:8      | Killed p0werm0de's ghost
  6834 | D:8      | Reached skill level 10 in Unarmed Combat
  7011 | D:9      | Found a stormy altar of Qazlal.
  7044 | D:9      | Found Fulaih's Book Boutique.
  7132 | D:9      | Reached * piety under Makhleb
  7178 | D:9      | Reached skill level 10 in Transmutations
  7394 | D:9      | Noticed a kobold demonologist
  7406 | D:9      | Reached XP level 10. HP: 74/75 MP: 5/13
  7438 | D:9      | Reached ** piety under Makhleb
  7787 | D:9      | Found an oddly glowing altar of Pakellas.
  8019 | D:10     | Entered Level 10 of the Dungeon
  8098 | D:10     | Noticed a gargoyle
  8109 | D:10     | Killed a gargoyle
  8271 | D:10     | Found a staircase to the Orcish Mines.
  8273 | D:10     | Found Ugosch's Weapon Emporium.
  8406 | D:10     | Reached skill level 5 in Fighting
  8412 | D:10     | Noticed Fannar
  8427 | D:10     | Killed Fannar
  8449 | D:10     | Noticed Urug
  8552 | D:10     | Killed Urug
  8552 | D:10     | Reached skill level 5 in Dodging
  8552 | D:10     | Reached XP level 11. HP: 79/88 MP: 3/14
  8706 | D:10     | Reached *** piety under Makhleb
  9062 | D:11     | Noticed Grum
  9070 | D:11     | Killed Grum
  9113 | D:11     | Noticed a white ugly thing
  9117 | D:11     | Killed a white ugly thing
  9120 | D:11     | Found a staircase to the Lair.
  9154 | D:11     | Reached **** piety under Makhleb
  9394 | D:11     | Noticed Maurice
  9402 | D:11     | Killed Maurice
  9439 | D:11     | Found Eleptaf's Distillery.
  9580 | D:11     | Identified Sif Muna's Compendium of the Gliding Compass
  9812 | D:11     | Found a sacrificial altar of Ru.
  9905 | D:11     | Noticed Harold
  9914 | D:11     | Killed from afar by Harold

Vault maps used:
D:1:      enne_arrival_octagon_isle
D:2:      nicolae_ashenzari_panopticon, first_bread, cheibrodos_gnoll_hut
D:3:      bh_chokoban, uniq_sigmund, uniq_robin, uniq_grinder, uniq_iyjb
D:4:      vehumet_statue, lemuel_crystal_altar, kennysheep_mini,
          serial_bayou_ford_a, uniq_edmund, uniq_crazy_yiuf_cottage
D:5:      nicolae_overflow_hidden_temple, minmay_misc_feat_hallway,
          uniq_menkaure
D:6:      overflow_temple_1_default, portal_sewer_entry_e
D:7:      grunt_temple_overflow_growth_and_decay, lemuel_doored_altar,
          serial_shops, nicolae_shop_trees
D:8:      kennysheep_little_box, amethyst_overflow_temple_binary
D:9:      marbit_many_paths, basic_altar, serial_shops, nicolae_shop_stone,
          special_room, the_bakery
D:10:     orc_david_3, nicolae_two_hexagons, minmay_nine_imps, uniq_fannar,
          uniq_urug
D:11:     minmay_lair_entry_grove, serial_shops, nicolae_shop_waterfront,
          nicolae_ru_path_of_blood, uniq_maurice, uniq_harold, uniq_grum
Temple:   nicolae_temple_figure_zero
Sewer:    sewer_the_crocodile

Skill      XL: |  1  2  3  4  5  6  7  8  9 10 11 |
---------------+----------------------------------+-----
Unarmed Combat | 4 5 6 7 8 10 11 | 11.9
Transmutations | 3 4 5 6 8 10 11 | 11.4
Dodging        | 2 5 6 |  6.2
Fighting       | 2 5 7 |  7.1
Spellcasting   | |  2.0

Action                   |  1- 3 |  4- 6 |  7- 9 | 10-12 || total
-------------------------+-------+-------+-------+-------++-------
Melee: Unarmed           |   100 |   102 |   407 |   346 ||   955
       Headbutt          |     9 |     3 |     7 |       ||    19
       Tailslap          |     7 |    17 |    35 |    52 ||   111
       Kick              |     6 |    17 |    10 |       ||    33
       Punch             |     1 |     1 |    22 |     9 ||    33
 Cast: Beastly Appendage |    15 |    12 |    13 |       ||    40
       Sticks to Snakes  |     6 |    13 |    25 |    14 ||    58
       Spider Form       |       |     1 |    19 |     1 ||    21
       Blade Hands       |       |       |     3 |    16 ||    19
 Abil: Breathe Frost     |       |       |     6 |     1 ||     7
Evoke: Wand              |       |     1 |       |       ||     1
  Use: Potion            |       |     3 |     2 |       ||     5
       Scroll            |       |       |    23 |     7 ||    30
 Stab: Distracted        |     1 |     2 |       |     1 ||     4
       Sleeping          |       |       |     3 |       ||     3
  Eat: Chunk             |     1 |     3 |    22 |    16 ||    42
       Fruit             |       |     1 |     3 |     2 ||     6
Armor: Skin              |    32 |    39 |    85 |    96 ||   252
Dodge: Dodged            |    81 |    70 |   300 |   322 ||   773
